 Dungeon Crawl Stone Soup version 0.23.1 (webtiles) character file.

Game seed: 0

32 Irenicus the Magician (level 3, -4/28 HPs)
             Began as a Deep Dwarf Wizard on Mar 12, 2019.
             Killed from afar by Natasha (5 damage)
             ... with a wand of flame (10)
             ... on level 2 of the Dungeon.
             The game lasted 00:05:30 (811 turns).

Irenicus the Magician (Deep Dwarf Wizard)            Turns: 811, Time: 00:05:30

Health: -4/28      AC:  3    Str: 10    XL:     3   Next: 8%
Magic:  2/6        EV: 12    Int: 19    God:
Gold:   58         SH:  0    Dex: 11    Spells: 7/8 levels left

rFire    . . .     SeeInvis .   g - +0 whip (curse)
rCold    . . .     Gourm    .   (no shield)
rNeg     . . .     Faith    .   l - +0 leather armour
rPois    .         Spirit   .   b - +0 hat
rElec    .         Reflect  .   (no cloak)
rCorr    .         Harm     .   (no gloves)
MR       .....                  (no boots)
Stlth    ++........             (no amulet)
HPRegen  0.00/turn              (no ring)
MPRegen  0.10/turn              (no ring)

@: non-regenerating
A: damage resistance, heal wounds, sense surroundings 1, no regeneration
a: Heal Wounds


You were on level 2 of the Dungeon.
You were not hungry.

You visited 1 branch of the dungeon, and saw 2 of its levels.

You collected 58 gold pieces.

Inventory:

Hand Weapons
 e - a +0 club
   (You took it off a hobgoblin on level 1 of the Dungeon)
 g - a cursed +0 whip (weapon)
   (You found it on level 1 of the Dungeon)
 j - a +2 hand axe of chopping
   (You found it on level 1 of the Dungeon)
Armour
 b - a +0 hat (worn)
 l - a +0 leather armour (worn)
   (You found it on level 1 of the Dungeon)
Scrolls
 a - a scroll of amnesia {unknown}
 c - a scroll of magic mapping {!r}
 h - a scroll of immolation {!r}
 i - a scroll of identify {unknown}
Potions
 f - 3 potions of flight
Comestibles
 d - 3 rations


   Skills:
 - Level 2.1 Dodging
 - Level 2.4 Stealth
 + Level 3.2 Spellcasting
 + Level 2.0 Conjurations
   Level 0.8 Summonings
   Level 1.1 Translocations


You had 7 spell levels left.
You knew the following spells:

 Your Spells              Type           Power        Failure   Level  Hunger
a - Magic Dart            Conj           ##..         9%          1    None

Your spell library contained the following spells:

 Spells                   Type           Power        Failure   Level  Hunger
 Blink                    Tloc           N/A          21%         2    ##.....
 Call Imp                 Summ           #.......     22%         2    ##.....
 Slow                     Hex            #.......     30%         2    ##.....
 Conjure Flame            Conj/Fire      #.......     38%         3    ###....
 Mephitic Cloud           Conj/Pois/Air  #.......     43%         3    ###....


Dungeon Overview and Level Annotations

Branches:
Dungeon (2/15)

Altars:

Annotations:
D:2 Natasha


Innate Abilities, Weirdness & Mutations

You are resistant to damage.
You can heal yourself by infusing magical energy.
You passively map a small area around you.
You do not regenerate.


Message History

Natasha claws you.
You take 1 damage, and have 21/28 hp.
A leopard gecko comes into view.
You float gracefully downwards.
Natasha zaps a wand.
The puff of flame hits you.
There is a stone staircase leading down here.
You take 4 damage, and have 17/28 hp.
Natasha stares at you and mumbles some strange words.
The magic dart hits you!
Things that are here:
9 gold pieces; a rat corpse; a giant cockroach corpse You take 7 damage, and have 10/28 hp.
MASSIVE DAMAGE!!
You now have 58 gold pieces (gained 9).
Natasha casts a spell at you. The magic dart hits you!
* * * LOW HITPOINT WARNING * * *
You take 6 damage, and have 4/28 hp.
MASSIVE DAMAGE!!
Things that are here:
a +0 whip; a kobold corpse Natasha howls an incantation.
Natasha glows brightly for a moment.
Your magical essence is drained by the effort!
You feel much better.
Health restored: 28 Natasha mumbles some strange words.
Aim: Natasha, carrying a wand of flame (21) (heavily wounded, inner flame)
The magic dart hits Natasha.
Natasha extends her claws.
You now have 0/6 mp.
You barely miss Natasha. Natasha claws you but does no damage.
You closely miss Natasha.
Natasha drinks a potion.
Natasha is healed!
Natasha zaps a wand.
The puff of flame hits you!
You take 6 damage, and have 22/28 hp.
MASSIVE DAMAGE!!
Aim: Natasha, carrying a wand of flame (20) (inner flame)
The magic dart hits Natasha.
Natasha zaps a wand.
The puff of flame misses you.
You now have 0/6 mp.
Natasha casts a spell.
Things that are here:
a +0 dagger; a goblin corpse Natasha casts a spell.
The crimson imp blinks!
Natasha mewls in sadness.
Natasha zaps a wand.
The puff of flame hits you.
You see here 14 poisoned needles.
Natasha's inner flame fades away.
There is a stone staircase leading up here.
Aim: Natasha, carrying a wand of flame (18) (moderately wounded)
The magic dart hits Natasha.
Natasha casts a spell at you.
You feel yourself slow down.
You now have 0/6 mp.
Natasha zaps a wand.
The puff of flame hits you!
The crimson imp blinks!
You take 10 damage, and have 12/28 hp.
MASSIVE DAMAGE!!
The crimson imp hits you. Natasha claws you.
The crimson imp hits you but does no damage.
Natasha claws you.
* * * LOW HITPOINT WARNING * * *
You take 4 damage, and have 8/28 hp.
You hit Natasha but do no damage.
The crimson imp blinks!
The crimson imp closely misses you. Natasha barely misses you.
The crimson imp hits you.
The crimson imp hits you but does no damage.
You closely miss Natasha. Natasha claws you but does no damage.
The crimson imp misses you. The crimson imp closely misses you.
Natasha misses you.
The crimson imp blinks!
You closely miss Natasha.
The crimson imp disappears in a puff of smoke!
Natasha claws you.
* * * LOW HITPOINT WARNING * * *
The crimson imp grins evilly.
Natasha zaps a wand.
The puff of flame hits you.
* * * LOW HITPOINT WARNING * * *
You take 4 damage, and have 4/28 hp.
You hit Natasha.
Natasha zaps a wand.
The puff of flame hits you. The crimson imp barely misses you.
You barely miss Natasha.
Natasha zaps a wand.
The puff of flame misses you. The crimson imp hits you.
Natasha zaps a wand.
The puff of flame misses you. The crimson imp hits you.
You hit Natasha but do no damage. Natasha claws you.
* * * LOW HITPOINT WARNING * * *
The crimson imp barely misses you.
Natasha zaps a wand.
The puff of flame hits you.
Your leather armour prevents you from hitting Natasha.
The crimson imp closely misses you.
Natasha zaps a wand.
The puff of flame hits you.
* * * LOW HITPOINT WARNING * * *
The crimson imp hits you but does no damage.
You closely miss Natasha. Natasha claws you. The crimson imp barely misses you.
Natasha zaps a wand.
The puff of flame misses you.
You miss Natasha.
The crimson imp disappears in a puff of smoke!
Natasha barely misses you.
Natasha extends her claws.
Natasha casts a spell at you. You resist with some effort.
You closely miss Natasha.
You feel yourself speed up. Natasha barely misses you.
You barely miss Natasha.
Natasha zaps a wand.
The puff of flame hits you!
You die...

,* #...........#
#......#.#**** ,*
#...........# #......#.#####
,*
#...........###.#.##h.......
,*
#...........#[....*#.#.#####
,**
########....###.####.#.###
,,* #.....).5..)†>....#**
,** *****
#....###.######...... ,*
*,,,* #...h#.....,,,.##.###
,* *,,,* #...@#.......,.**.#
,** *,,,*
#.(..#.........**.# ,,*
**+** #.<###.........**,#
,** **,* ####*###.######**,*
** *,** *,,,* *...* *,* **
**,* *,,,* *,,,* *,* ,* *,**
*,,,* *,,,* *,*** ,* **,**
*,,,* *,,,* *,,,, ,** *,,,**
*,,,* *,,,* *****


You could see Natasha.

Vanquished Creatures
  A dart slug (D:2)
  5 giant cockroaches
  A goblin (D:2)
  3 hobgoblins (D:1)
  4 jackals (D:2)
  2 kobolds
  3 bats
  3 frilled lizards (D:1)
  5 rats
27 creatures vanquished.

Notes
Turn   | Place    | Note
-------+----------+-------------------------------------------
     0 | D:1      | Irenicus the Deep Dwarf Wizard began the quest for the Orb.
     0 | D:1      | Reached XP level 1. HP: 15/15 MP: 4/4
    86 | D:1      | Reached skill level 1 in Conjurations
   229 | D:1      | Reached XP level 2. HP: 8/22 MP: 0/5
   385 | D:1      | Reached skill level 3 in Spellcasting
   718 | D:2      | HP: 5/22 [jackal (2)]
   720 | D:2      | Noticed Natasha
   739 | D:2      | HP: 4/22 [rat (1)]
   740 | D:2      | Reached skill level 2 in Conjurations
   740 | D:2      | Reached XP level 3. HP: 6/28 MP: 1/7
   758 | D:2      | HP: 6/28 [Natasha (6)]
   772 | D:2      | HP: 2/28 [Natasha/wand of flame (23) (6)]
   780 | D:2      | HP: 4/28 [Natasha/magic dart (6)]
   803 | D:2      | HP: 5/28 [Natasha (3)]
   807 | D:2      | HP: 1/28 [Natasha/wand of flame (12) (2)]
   811 | D:2      | Killed from afar by Natasha

Skill      XL: |  1  2 |
---------------+-------+-----
Conjurations   | 1 2 |  2.0
Spellcasting   | 3 |  3.2
Dodging        | |  2.1
Stealth        | |  2.4
Summonings     | |  0.8
Translocations | |  1.1

Action                   || total
-------------------------++-------
Melee: Club              ||    13
       Whip              ||    66
 Cast: Magic Dart        ||    51
 Abil: Heal Wounds       ||     3
  Use: Scroll            ||     2
       Potion            ||     2
Armor: Robe              ||    13
       Leather armour    ||    37
Dodge: Dodged            ||   115

Levels and vault maps discovered:
D:1:      dpeg_arrival_houses_and_road, layout_loops_corners
D:2:      layout_basic, fedhas_ov_isle_minmay, uniq_natasha,
          uniq_crazy_yiuf_cottage, uniq_sigmund

Table legend:
 A = Turns spent in this place as a percentage of turns spent in the entire game.
 B = Non-inter-level travel turns spent in this place as a percentage of non-inter-level travel turns spent in the entire game.
 C = Inter-level travel turns spent in this place as a percentage of turns spent in this place.
 D = Turns resting spent in this place as a percentage of non-inter-level travel turns spent in this place.
 E = Turns spent auto-exploring this place as a percentage of non-inter-level travel turns spent in this place.
 F = Non-inter-level travel turns spent in this place divided by the number of levels of this place that you've seen.
                   A       B       C       D       E      F
               +-------+-------+-------+-------+-------+----------------------
         Total | 100.0 | 100.0 |   0.0 |   0.0 |   0.0 | 405.5
       Dungeon | 100.0 | 100.0 |   0.0 |   0.0 |   0.0 | 405.5
               +-------+-------+-------+-------+-------+----------------------

Table legend:
 A = Kills in this place as a percentage of kills in entire the game.
 B = Kills by you in this place as a percentage of kills by you in the entire game.
 C = Kills by friends in this place as a percentage of kills by friends in the entire game.
 D = Other kills in this place as a percentage of other kills in the entire game.
 E = Experience gained in this place as a percentage of experience gained in the entire game.
 F = Experience gained in this place divided by the number of levels of this place that you have seen.
                   A       B       C       D       E      F
               +-------+-------+-------+-------+-------+----------------------
         Total | 100.0 | 100.0 |   N/A |   N/A | 100.0 |  23.0
       Dungeon | 100.0 | 100.0 |   N/A |   N/A | 100.0 |  23.0
               +-------+-------+-------+-------+-------+----------------------
